Workbook
Name ITEM: Outils!$C$5:$C$19
Name ITEM: Outils!$C$5:$C$19
Name TYPE: Outils!$G$4:$I$4

Sheet Outils
G3: Tarification
C4: item | D4: Description | E4: Prix achat | F4: Revenu | G4: Jour | H4: Semaine | I4: Mois
C5: 1 | D5: Sableuse | E5: 900 | F5: =SUMIF(Facturation!$F$4:$F$20,Outils!C5,Facturation!$J$4:$J$20) -> 520 | G5: =E5/90 -> 10 | H5: =G5*4 -> 40 | I5: =H5*3 -> 120
C6: 2 | D6: Drill | E6: 250 | F6: =SUMIF(Facturation!$F$4:$F$20,Outils!C6,Facturation!$J$4:$J$20) -> 0 | G6: =E6/90 -> 2.7777778 | H6: =G6*4 -> 11.111111 | I6: =H6*3 -> 33.333333
C7: 3 | D7: Marteau | E7: 750 | F7: =SUMIF(Facturation!$F$4:$F$20,Outils!C7,Facturation!$J$4:$J$20) -> 500 | G7: =E7/90 -> 8.3333333 | H7: =G7*4 -> 33.333333 | I7: =H7*3 -> 100
C8: 4 | D8: Tondeuse | E8: 650 | F8: =SUMIF(Facturation!$F$4:$F$20,Outils!C8,Facturation!$J$4:$J$20) -> 0 | G8: =E8/90 -> 7.2222222 | H8: =G8*4 -> 28.888889 | I8: =H8*3 -> 86.666667
C9: 5 | D9: Generatrice | E9: 1500 | F9: =SUMIF(Facturation!$F$4:$F$20,Outils!C9,Facturation!$J$4:$J$20) -> 83.333333 | G9: =E9/90 -> 16.666667 | H9: =G9*4 -> 66.666667 | I9: =H9*3 -> 200
C10: 6 | D10: Marteau | E10: 1000 | F10: =SUMIF(Facturation!$F$4:$F$20,Outils!C10,Facturation!$J$4:$J$20) -> 0 | G10: =E10/90 -> 11.111111 | H10: =G10*4 -> 44.444444 | I10: =H10*3 -> 133.33333
C11: 7 | D11: Drill | E11: 300 | F11: =SUMIF(Facturation!$F$4:$F$20,Outils!C11,Facturation!$J$4:$J$20) -> 0 | G11: =E11/90 -> 3.3333333 | H11: =G11*4 -> 13.333333 | I11: =H11*3 -> 40
C12: 8 | D12: Sableuse | E12: 1500 | F12: =SUMIF(Facturation!$F$4:$F$20,Outils!C12,Facturation!$J$4:$J$20) -> 0 | G12: =E12/90 -> 16.666667 | H12: =G12*4 -> 66.666667 | I12: =H12*3 -> 200
C13: 9 | D13: Generatrice | E13: 4500 | F13: =SUMIF(Facturation!$F$4:$F$20,Outils!C13,Facturation!$J$4:$J$20) -> 0 | G13: =E13/90 -> 50 | H13: =G13*4 -> 200 | I13: =H13*3 -> 600
C14: 10 | D14: Generatrice | E14: 10000 | F14: =SUMIF(Facturation!$F$4:$F$20,Outils!C14,Facturation!$J$4:$J$20) -> 0 | G14: =E14/90 -> 111.11111 | H14: =G14*4 -> 444.44444 | I14: =H14*3 -> 1333.3333
C15: 11 | D15: Scie | E15: 600 | F15: =SUMIF(Facturation!$F$4:$F$20,Outils!C15,Facturation!$J$4:$J$20) -> 0 | G15: =E15/90 -> 6.6666667 | H15: =G15*4 -> 26.666667 | I15: =H15*3 -> 80
C16: 12 | D16: Scie | E16: 450 | F16: =SUMIF(Facturation!$F$4:$F$20,Outils!C16,Facturation!$J$4:$J$20) -> 0 | G16: =E16/90 -> 5 | H16: =G16*4 -> 20 | I16: =H16*3 -> 60
... C19: 15 | D19: skylift | E19: 15000 | F19: =SUMIF(Facturation!$F$4:$F$20,Outils!C19,Facturation!$J$4:$J$20) -> 6000 | G19: =E19/90 -> 166.66667 | H19: =G19*4 -> 666.66667 | I19: =H19*3 -> 2000

Sheet Facturation
G2: Durée
C3: Date | D3: Projet | E3: Description des travaux | F3: item | G3: Nb | H3: Type | I3: Tarification | J3: Coût | K3: Facturé | L3: # facture
C4: 41730 | D4: IM2 | E4: Refaire plancher | F4: 1 | G4: 2 | H4: Semaine | I4: =IFERROR(INDEX(Outils!$G$5:$I$19,MATCH(Facturation!F4,ITEM,0),MATCH(Facturation!H4,TYPE,0)),"") -> 40 | J4: =IFERROR(G4*I4,"") -> 80
C5: 41730 | D5: IM2 | E5: Refaire toiture | F5: 15 | G5: 3 | H5: Mois | I5: =IFERROR(INDEX(Outils!$G$5:$I$19,MATCH(Facturation!F5,ITEM,0),MATCH(Facturation!H5,TYPE,0)),"") -> 2000 | J5: =IFERROR(G5*I5,"") -> 6000
C6: 41736 | D6: IM6 | E6: Rénovation salle de bain | F6: 1 | G6: 2 | H6: Semaine | I6: =IFERROR(INDEX(Outils!$G$5:$I$19,MATCH(Facturation!F6,ITEM,0),MATCH(Facturation!H6,TYPE,0)),"") -> 40 | J6: =IFERROR(G6*I6,"") -> 80
C7: 41737 | D7: IM3 | E7: Nouvelle séparation | F7: 3 | G7: 5 | H7: Mois | I7: =IFERROR(INDEX(Outils!$G$5:$I$19,MATCH(Facturation!F7,ITEM,0),MATCH(Facturation!H7,TYPE,0)),"") -> 100 | J7: =IFERROR(G7*I7,"") -> 500
F8: 5 | G8: 5 | H8: Jour | I8: =IFERROR(INDEX(Outils!$G$5:$I$19,MATCH(Facturation!F8,ITEM,0),MATCH(Facturation!H8,TYPE,0)),"") -> 16.666667 | J8: =IFERROR(G8*I8,"") -> 83.333333
F9: 1 | G9: 3 | H9: Mois | I9: =IFERROR(INDEX(Outils!$G$5:$I$19,MATCH(Facturation!F9,ITEM,0),MATCH(Facturation!H9,TYPE,0)),"") -> 120 | J9: =IFERROR(G9*I9,"") -> 360
I10: =IFERROR(INDEX(Outils!$G$5:$I$19,MATCH(Facturation!F10,ITEM,0),MATCH(Facturation!H10,TYPE,0)),"") | J10: =IFERROR(G10*I10,"")
I11: =IFERROR(INDEX(Outils!$G$5:$I$19,MATCH(Facturation!F11,ITEM,0),MATCH(Facturation!H11,TYPE,0)),"") | J11: =IFERROR(G11*I11,"")
I12: =IFERROR(INDEX(Outils!$G$5:$I$19,MATCH(Facturation!F12,ITEM,0),MATCH(Facturation!H12,TYPE,0)),"") | J12: =IFERROR(G12*I12,"")
I13: =IFERROR(INDEX(Outils!$G$5:$I$19,MATCH(Facturation!F13,ITEM,0),MATCH(Facturation!H13,TYPE,0)),"") | J13: =IFERROR(G13*I13,"")
I14: =IFERROR(INDEX(Outils!$G$5:$I$19,MATCH(Facturation!F14,ITEM,0),MATCH(Facturation!H14,TYPE,0)),"") | J14: =IFERROR(G14*I14,"")
I15: =IFERROR(INDEX(Outils!$G$5:$I$19,MATCH(Facturation!F15,ITEM,0),MATCH(Facturation!H15,TYPE,0)),"") | J15: =IFERROR(G15*I15,"")
I16: =IFERROR(INDEX(Outils!$G$5:$I$19,MATCH(Facturation!F16,ITEM,0),MATCH(Facturation!H16,TYPE,0)),"") | J16: =IFERROR(G16*I16,"")
I17: =IFERROR(INDEX(Outils!$G$5:$I$19,MATCH(Facturation!F17,ITEM,0),MATCH(Facturation!H17,TYPE,0)),"") | J17: =IFERROR(G17*I17,"")
I18: =IFERROR(INDEX(Outils!$G$5:$I$19,MATCH(Facturation!F18,ITEM,0),MATCH(Facturation!H18,TYPE,0)),"") | J18: =IFERROR(G18*I18,"")
I19: =IFERROR(INDEX(Outils!$G$5:$I$19,MATCH(Facturation!F19,ITEM,0),MATCH(Facturation!H19,TYPE,0)),"") | J19: =IFERROR(G19*I19,"")
I20: =IFERROR(INDEX(Outils!$G$5:$I$19,MATCH(Facturation!F20,ITEM,0),MATCH(Facturation!H20,TYPE,0)),"") | J20: =IFERROR(G20*I20,"")
